12 | 0:00 | Drone | |
13 | 0:13 | Overlord | |
13 | 0:16 | Drone | |
14 | 0:31 | Drone x2 | |
14 | 0:34 | Drone | |
17 | 0:54 | Drone, Hatchery | |
17 | 1:09 | Spawning Pool | |
16 | 1:12 | Extractor | |
16 | 1:13 | Drone | |
16 | 1:16 | Drone | |
17 | 1:19 | Drone | |
18 | 1:28 | Drone | |
19 | 1:38 | Overlord | |
19 | 1:49 | Drone | |
20 | 1:56 | Queen | |
20 | 2:00 | Zergling x2 | |
23 | 2:05 | Queen, Drone | |
26 | 2:11 | Drone | |
27 | 2:20 | Roach Warren | |
26 | 2:24 | Drone | |
26 | 2:25 | Extractor | |
26 | 2:27 | Drone | |
27 | 2:31 | Drone | |
27 | 2:34 | Drone | |
29 | 2:37 | Drone | |
29 | 2:43 | Zergling x2 | |
31 | 2:48 | Zergling x2 | |
32 | 2:53 | Overlord | |
32 | 2:59 | Drone | |
32 | 3:04 | Drone | |
34 | 3:10 | Roach | |
36 | 3:15 | Roach | |
38 | 3:20 | Lair | |
38 | 3:21 | Roach | |
38 | 3:22 | Roach | |
38 | 3:24 | Overlord | |
42 | 3:28 | Overlord | |
42 | 3:32 | Zergling x2 | |
43 | 3:35 | Zergling x2 | |
44 | 3:42 | Zergling x2, Drone x2 | |
44 | 3:45 | Drone | |
48 | 3:48 | Drone | |
48 | 3:50 | Drone | |
48 | 3:54 | Roach | |
52 | 3:57 | Roach | |
52 | 4:01 | Overlord | |
54 | 4:09 | Drone | |
56 | 4:10 | Drone | |
56 | 4:12 | Drone | |
56 | 4:14 | Drone | |
58 | 4:17 | Overlord | |
58 | 4:19 | Drone, Infestation Pit | |
58 | 4:22 | Overlord | |
58 | 4:25 | Roach | |
58 | 4:28 | Roach | |
62 | 4:48 | Overlord | |
62 | 4:52 | Overlord | |
62 | 4:55 | Infestor x2 | |
62 | 4:57 | Infestor | |
68 | 5:02 | Drone x2 | |
68 | 5:03 | Drone x4 | |
68 | 5:04 | Drone x2 | |
76 | 5:07 | Hydralisk Den | |
76 | 5:08 | Extractor, Drone | |
76 | 5:11 | Extractor | |
74 | 5:15 | Drone | |
74 | 5:19 | Drone x3 | |
74 | 5:20 | Baneling Nest, Drone | |
78 | 5:23 | Drone | |
78 | 5:27 | Roach | |
81 | 5:32 | Drone x3 | |
84 | 5:38 | Drone, Metabolic Boost | |
84 | 5:41 | Drone, Evolution Chamber | |
85 | 5:43 | Evolution Chamber | |
85 | 5:49 | Drone | |
85 | 5:51 | Hydralisk x2, Drone | |
85 | 5:52 | Overlord | |
85 | 5:53 | Hydralisk | |
92 | 5:57 | Hatchery, Evolution Chamber | |
92 | 5:59 | Hydralisk | |
92 | 6:00 | Drone | |
92 | 6:02 | Drone | |
92 | 6:03 | Baneling x2 | |
92 | 6:04 | Baneling x3 | |
94 | 6:06 | Baneling | |
94 | 6:07 | Zerg Melee Weapons Level 1 | |
94 | 6:14 | Zerg Missile Weapons Level 1 | |
94 | 6:25 | Zerg Ground Armor Level 1 | |
94 | 6:30 | Ravager | |
94 | 6:32 | Overlord, Roach, Spine Crawler | |
96 | 6:38 | Ravager | |
96 | 6:39 | Spine Crawler | |
98 | 6:40 | Drone, Roach | |
98 | 6:43 | Hydralisk | |
98 | 6:46 | Hydralisk | |
101 | 6:50 | Hydralisk | |
101 | 6:51 | Overlord | |
101 | 6:54 | Hydralisk | |
105 | 6:57 | Roach | |
105 | 6:58 | Roach | |
105 | 7:00 | Roach | |
113 | 7:02 | Roach | |
115 | 7:09 | Queen, Overlord, Drone x2, Roach | |
115 | 7:10 | Drone x2 | |
123 | 7:16 | Extractor | |
123 | 7:17 | Drone x2 | |
123 | 7:18 | Spore Crawler, Drone x2 | |
123 | 7:19 | Drone | |
123 | 7:21 | Extractor, Overseer | |
125 | 7:26 | Spore Crawler, Drone x2, Infestor | |
125 | 7:28 | Drone | |
125 | 7:29 | Overlord | |
129 | 7:30 | Drone, Neural Parasite | |
129 | 7:36 | Hatchery | |
129 | 7:37 | Glial Reconstitution | |
129 | 7:39 | Drone | |
129 | 7:40 | Drone | |
129 | 7:41 | Drone | |
132 | 7:46 | Baneling x4 | |
132 | 7:47 | Baneling | |
132 | 7:48 | Overlord, Zergling x2 | |
132 | 7:49 | Drone | |
132 | 7:50 | Zergling x2 | |
132 | 7:51 | Drone | |
136 | 7:52 | Drone | |
137 | 7:58 | Drone x2 | |
137 | 7:59 | Drone, Spire | |
137 | 8:01 | Drone | |
137 | 8:02 | Drone | |
137 | 8:03 | Drone | |
142 | 8:06 | Centrifugal Hooks | |
142 | 8:11 | Overlord | |
142 | 8:13 | Drone | |
142 | 8:14 | Drone | |
144 | 8:21 | Drone x3 | |
144 | 8:22 | Zerg Missile Weapons Level 2 | |
147 | 8:30 | Spine Crawler | |
147 | 8:31 | Overlord | |
146 | 8:37 | Hydralisk | |
146 | 8:39 | Hydralisk | |
150 | 8:42 | Queen | |
146 | 8:49 | Spine Crawler, Drone | |
146 | 8:50 | Drone | |
146 | 8:51 | Roach, Infestor | |
146 | 8:52 | Spore Crawler, Zergling x2, Drone | |
146 | 8:54 | Zergling x2, Drone x2 | |
147 | 8:56 | Zerg Ground Armor Level 2 | |
147 | 8:59 | Drone x2 | |
147 | 9:00 | Drone x2 | |
147 | 9:01 | Extractor, Hydralisk | |
147 | 9:02 | Drone x2 | |
134 | 9:03 | Drone | |
134 | 9:05 | Drone | |
134 | 9:07 | Drone, Mutalisk, Corruptor | |
134 | 9:08 | Drone | |
134 | 9:09 | Drone | |
115 | 9:11 | Drone | |
115 | 9:14 | Hydralisk | |
115 | 9:16 | Drone | |
106 | 9:18 | Drone | |
106 | 9:19 | Drone | |
106 | 9:20 | Drone | |
106 | 9:22 | Drone | |
110 | 9:24 | Drone x2 | |
110 | 9:25 | Drone | |
110 | 9:26 | Drone | |
110 | 9:28 | Drone | |
110 | 9:31 | Drone, Infestor | |
114 | 9:33 | Drone | |
114 | 9:34 | Roach x2 | |
114 | 9:37 | Roach | |
107 | 9:40 | Roach | |
107 | 9:41 | Mutalisk | |
107 | 9:42 | Roach | |
107 | 9:43 | Baneling | |
107 | 9:44 | Overseer, Baneling x3 | |
113 | 9:48 | Zergling x2 | |
113 | 9:50 | Zergling x2 | |
113 | 9:52 | Mutalisk | |
117 | 9:53 | Roach | |
117 | 9:55 | Mutalisk x3 | |
117 | 9:59 | Roach | |
120 | 10:01 | Drone | |
120 | 10:03 | Drone x2 | |
120 | 10:04 | Drone, Mutalisk | |
120 | 10:05 | Drone | |
119 | 10:09 | Mutalisk | |
119 | 10:12 | Mutalisk | |
123 | 10:14 | Mutalisk | |
123 | 10:20 | Mutalisk | |
125 | 10:23 | Hydralisk | |
125 | 10:24 | Hydralisk | |
125 | 10:26 | Hydralisk | |
125 | 10:27 | Drone x2 | |
123 | 10:32 | Drone | |
123 | 10:34 | Drone | |
120 | 10:36 | Drone, Overseer, Roach | |
120 | 10:37 | Drone x2 | |
123 | 10:43 | Drone | |
123 | 10:44 | Hatchery | |
123 | 10:45 | Drone | |
123 | 10:46 | Drone | |
125 | 10:53 | Hydralisk, Extractor | |
125 | 10:56 | Drone | |
119 | 10:57 | Drone | |
119 | 10:58 | Corruptor | |
119 | 10:59 | Infestor | |
119 | 11:00 | Drone | |
107 | 11:05 | Corruptor | |
107 | 11:07 | Drone, Mutalisk, Corruptor | |
107 | 11:08 | Drone | |
107 | 11:09 | Drone | |
110 | 11:16 | Zergling x2 | |
109 | 11:18 | Roach, Corruptor | |
109 | 11:19 | Extractor | |
109 | 11:21 | Baneling x3 | |
112 | 11:27 | Zergling x2 | |
112 | 11:28 | Corruptor | |
112 | 11:29 | Drone | |
112 | 11:30 | Drone x2, Corruptor | |
120 | 11:34 | Spine Crawler | |
120 | 11:38 | Drone | |
120 | 11:39 | Corruptor x2 | |
120 | 11:40 | Drone | |
120 | 11:41 | Drone x2 | |
127 | 11:49 | Drone | |
127 | 11:50 | Drone | |
127 | 11:52 | Drone | |
128 | 11:55 | Extractor, Drone | |
128 | 12:00 | Drone | |
127 | 12:01 | Drone | |
127 | 12:02 | Hydralisk x2, Drone | |
127 | 12:03 | Drone | |
127 | 12:05 | Extractor, Hive | |
127 | 12:06 | Drone | |
132 | 12:11 | Hydralisk, Infestor | |
132 | 12:12 | Drone x2, Roach | |
132 | 12:13 | Baneling x2 | |
132 | 12:14 | Overlord, Baneling | |
132 | 12:15 | Ravager | |
141 | 12:16 | Ravager | |
141 | 12:17 | Zergling x2 | |
141 | 12:22 | Zergling x2, Lurker Den | |
143 | 12:23 | Drone | |
143 | 12:25 | Drone, Baneling | |
143 | 12:27 | Drone | |
146 | 12:32 | Hydralisk | |
146 | 12:33 | Drone | |
146 | 12:34 | Drone x3 | |
146 | 12:35 | Drone | |
153 | 12:38 | Drone | |
153 | 12:41 | Pneumatized Carapace | |
153 | 12:44 | Overlord, Drone x2, Roach | |
157 | 12:47 | Roach x2 | |
157 | 12:49 | Overseer | |
162 | 12:53 | Baneling | |
162 | 12:54 | Spine Crawler, Zergling x2, Baneling | |
162 | 12:55 | Drone, Roach | |
162 | 12:57 | Hatchery | |
164 | 12:59 | Drone | |
164 | 13:02 | Roach | |
164 | 13:05 | Overlord | |
167 | 13:06 | Roach x2 | |
167 | 13:07 | Overseer | |
167 | 13:09 | Roach | |
173 | 13:13 | Spine Crawler | |
173 | 13:14 | Drone | |
173 | 13:16 | Spine Crawler | |
173 | 13:18 | Drone | |
173 | 13:20 | Queen | |
173 | 13:23 | Queen, Overlord, Drone, Viper | |
173 | 13:25 | Drone | |
177 | 13:28 | Viper | |
177 | 13:31 | Zergling x2 | |
177 | 13:33 | Hydralisk | |
179 | 13:36 | Spore Crawler, Hydralisk | |
179 | 13:38 | Hydralisk | |
179 | 13:39 | Drone | |
179 | 13:40 | Hydralisk | |
166 | 13:42 | Hydralisk | |
166 | 13:44 | Overlord | |
166 | 13:45 | Ravager | |
166 | 13:46 | Hydralisk | |
171 | 13:52 | Lurker, Hatchery, Drone | |
171 | 13:54 | Hydralisk | |
174 | 14:00 | Spore Crawler, Zergling x2 | |
174 | 14:02 | Drone | |
174 | 14:03 | Spore Crawler | |
174 | 14:04 | Spore Crawler, Hydralisk x2, Drone | |
174 | 14:05 | Hydralisk, Drone | |
174 | 14:07 | Hydralisk, Lurker | |
174 | 14:08 | Hydralisk | |
183 | 14:10 | Hydralisk | |
183 | 14:12 | Hydralisk | |
183 | 14:16 | Hydralisk | |
185 | 14:17 | Lurker | |
185 | 14:18 | Zergling x2, Baneling x2 | |
185 | 14:19 | Hydralisk | |
185 | 14:20 | Lurker | |
185 | 14:21 | Tunneling Claws, Hydralisk | |
185 | 14:22 | Lurker | |
185 | 14:24 | Hydralisk, Lurker, Zerg Ground Armor Level 3 | |
195 | 14:26 | Zerg Missile Weapons Level 3 | |
195 | 14:27 | Hydralisk | |
195 | 14:28 | Baneling | |
195 | 14:29 | Spine Crawler, Zergling x2, Baneling | |
200 | 14:45 | Zerg Flyer Weapons Level 1, Baneling | |
200 | 14:46 | Baneling | |
200 | 14:52 | Spine Crawler, Drone | |
200 | 14:54 | Spore Crawler, Drone | |
200 | 14:58 | Spore Crawler, Drone, Baneling | |
200 | 14:59 | Baneling | |
199 | 15:00 | Spine Crawler, Zergling x2 | |
199 | 15:02 | Spore Crawler, Drone | |
199 | 15:08 | Spine Crawler, Drone | |
199 | 15:10 | Spore Crawler, Drone | |
199 | 15:12 | Spine Crawler | |
199 | 15:13 | Drone | |
199 | 15:15 | Spine Crawler, Drone x2, Hatchery | |
199 | 15:18 | Spore Crawler, Drone | |
199 | 15:20 | Spore Crawler, Drone | |
199 | 15:27 | Baneling x2 | |
199 | 15:52 | Burrow | |
199 | 15:53 | Extractor, Zergling x2 | |
199 | 15:55 | Spine Crawler, Drone | |
199 | 15:57 | Extractor, Drone | |
199 | 15:59 | Drone | |
199 | 16:00 | Drone | |
199 | 16:06 | Hydralisk, Drone x2, Zergling x2 | |
199 | 16:11 | Hydralisk, Hatchery | |
199 | 16:18 | Drone | |
199 | 16:19 | Spine Crawler, Drone x2 | |
199 | 16:20 | Drone | |
199 | 16:21 | Hydralisk | |
199 | 16:23 | Hydralisk x3 | |
199 | 16:24 | Queen | |
199 | 16:25 | Queen | |
197 | 16:26 | Zergling x2, Roach, Drone | |
197 | 16:27 | Zergling x4, Roach x3 | |
197 | 16:28 | Zergling x6, Roach | |
197 | 16:30 | Roach | |
197 | 16:31 | Hydralisk, Roach | |
197 | 16:32 | Hydralisk, Roach | |
198 | 16:33 | Hydralisk x2, Roach | |
198 | 16:34 | Hydralisk x2, Zergling x2, Roach | |
198 | 16:35 | Hydralisk, Roach | |
198 | 16:36 | Hydralisk | |
198 | 16:37 | Hydralisk x2, Roach | |
198 | 16:38 | Hydralisk, Viper | |
193 | 16:40 | Hydralisk | |
193 | 16:45 | Hydralisk, Ravager | |
193 | 16:46 | Hydralisk, Ravager | |
199 | 16:47 | Baneling x3 | |
199 | 16:48 | Baneling x4 | |
199 | 16:49 | Baneling x3 | |
199 | 16:50 | Zerg Flyer Armor Level 1 | |
199 | 16:51 | Lurker | |
200 | 16:59 | Baneling x3 | |
200 | 17:00 | Spine Crawler, Drone, Baneling x3 | |
199 | 17:08 | Zergling x2 | |
199 | 17:15 | Spine Crawler, Zergling x2 | |
199 | 17:18 | Spine Crawler, Drone | |
199 | 17:20 | Spine Crawler, Drone | |
199 | 17:22 | Spine Crawler, Drone | |
199 | 17:33 | Drone | |
199 | 17:34 | Baneling | |
199 | 17:35 | Baneling | |
199 | 17:43 | Spore Crawler, Drone | |
199 | 17:44 | Zergling x2, Drone | |
199 | 17:50 | Drone, Hatchery | |
199 | 17:51 | Baneling | |
200 | 17:52 | Baneling | |
200 | 17:56 | Spore Crawler, Zergling x2 | |
200 | 17:59 | Spore Crawler, Drone | |
200 | 18:00 | Spore Crawler | |
200 | 18:01 | Drone | |
200 | 18:03 | Spore Crawler | |
200 | 18:04 | Drone | |
200 | 18:12 | Baneling | |
199 | 18:13 | Hatchery | |
199 | 18:14 | Drone | |
199 | 18:23 | Baneling x2 | |
199 | 18:30 | Spore Crawler | |
199 | 18:31 | Drone | |
199 | 18:38 | Extractor, Drone | |
199 | 18:39 | Extractor | |
199 | 18:40 | Drone | |
199 | 18:43 | Drone, Zergling x4 | |
198 | 18:50 | Roach | |
198 | 18:56 | Spore Crawler, Roach | |
198 | 18:58 | Drone | |
199 | 19:12 | Roach | |
199 | 19:16 | Roach | |
199 | 19:24 | Spore Crawler, Hydralisk x3, Drone, Roach x3 | |
193 | 19:25 | Hydralisk x2, Zergling x4 | |
193 | 19:26 | Roach | |
193 | 19:27 | Hydralisk | |
193 | 19:28 | Hydralisk x2 | |
193 | 19:29 | Hydralisk, Drone, Ultralisk Cavern, Roach | |
193 | 19:30 | Hydralisk x3, Roach x2 | |
193 | 19:31 | Hydralisk | |
189 | 19:32 | Hydralisk, Roach x2 | |
189 | 19:33 | Roach x3, Infestor x2 | |
189 | 19:34 | Hydralisk x2, Roach | |
189 | 19:35 | Hydralisk x2, Roach x2 | |
189 | 19:36 | Hydralisk x2, Roach | |
189 | 19:37 | Queen x2, Infestor | |
189 | 19:38 | Viper, Infestor x2 | |
189 | 19:39 | Infestor x2 | |
189 | 19:40 | Extractor, Drone x2, Hatchery, Ravager | |
189 | 19:41 | Roach | |
189 | 19:42 | Spine Crawler | |
189 | 19:43 | Overlord | |
189 | 19:44 | Spine Crawler | |
192 | 19:45 | Roach | |
192 | 19:47 | Spine Crawler | |
192 | 19:49 | Spine Crawler, Baneling | |
190 | 20:00 | Spore Crawler | |
190 | 20:01 | Drone x2 | |
190 | 20:02 | Drone x3 | |
190 | 20:03 | Zergling x2, Viper, Roach x2 | |
190 | 20:04 | Roach | |
190 | 20:05 | Zergling x2, Roach x2 | |
190 | 20:06 | Roach x2, Infestor | |
187 | 20:07 | Corruptor x2 | |
187 | 20:12 | Hydralisk | |
191 | 20:16 | Ultralisk | |
191 | 20:17 | Ultralisk | |
191 | 20:18 | Hydralisk, Drone x2, Roach | |
191 | 20:19 | Hydralisk x2, Roach x2 | |
191 | 20:20 | Hydralisk, Roach x2 | |
191 | 20:21 | Hydralisk x2, Roach | |
191 | 20:22 | Hydralisk x3 | |
191 | 20:23 | Overlord, Hydralisk | |
191 | 20:24 | Hydralisk x3 | |
191 | 20:25 | Hydralisk x2 | |
191 | 20:26 | Overseer | |
191 | 20:27 | Roach, Ultralisk | |
178 | 20:28 | Drone | |
178 | 20:30 | Spore Crawler, Zergling x2 | |
178 | 20:31 | Hydralisk x2, Drone, Roach, Zergling x2 | |
178 | 20:32 | Ultralisk | |
178 | 20:33 | Spore Crawler, Zerg Melee Weapons Level 2 | |
178 | 20:34 | Drone | |
178 | 20:35 | Hydralisk x2, Drone | |
175 | 20:36 | Spore Crawler, Drone | |
175 | 20:39 | Spore Crawler, Overlord x2 | |
175 | 20:40 | Overlord | |
175 | 20:41 | Overseer | |
171 | 20:43 | Overlord | |
171 | 20:52 | Overseer | |
167 | 20:58 | Drone, Chitinous Plating, Roach, Ultralisk | |
167 | 21:01 | Zergling x2 | |
167 | 21:02 | Overlord, Ultralisk, Infestor x2 | |
167 | 21:03 | Queen x2 | |
182 | 21:05 | Hatchery | |
182 | 21:07 | Hydralisk, Drone, Ultralisk | |
182 | 21:10 | Overlord | |
179 | 21:15 | Overseer | |
179 | 21:16 | Zergling x2, Drone | |
179 | 21:17 | Hydralisk x2, Roach | |
174 | 21:20 | Hydralisk x2, Roach | |
174 | 21:21 | Overseer | |
174 | 21:22 | Hydralisk | |
174 | 21:25 | Drone x2 | |
174 | 21:27 | Hydralisk | |
174 | 21:28 | Overlord | |
174 | 21:29 | Hydralisk, Drone x2 | |
174 | 21:31 | Hydralisk | |
174 | 21:32 | Hydralisk x2, Zergling x2 | |
174 | 21:33 | Drone | |
174 | 21:34 | Drone x2 | |
174 | 21:35 | Hydralisk | |
174 | 21:36 | Drone x3 | |
174 | 21:37 | Drone | |
174 | 21:39 | Drone, Roach | |
156 | 21:41 | Zergling x2, Roach | |
156 | 21:44 | Drone, Roach | |
156 | 21:45 | Hydralisk | |
156 | 21:47 | Roach | |
156 | 21:48 | Hydralisk | |
156 | 21:50 | Hydralisk | |
156 | 21:51 | Hydralisk | |
156 | 21:52 | Hydralisk | |
160 | 21:54 | Hydralisk | |
160 | 21:56 | Hydralisk x2 | |
160 | 21:58 | Hydralisk | |
160 | 22:00 | Ultralisk | |
150 | 22:03 | Ultralisk | |
150 | 22:04 | Hydralisk | |
150 | 22:05 | Hydralisk | |
150 | 22:07 | Hydralisk | |
150 | 22:08 | Overlord | |
150 | 22:09 | Hydralisk | |
150 | 22:11 | Hydralisk | |
150 | 22:12 | Hydralisk | |
150 | 22:13 | Hydralisk | |
150 | 22:15 | Corruptor | |
157 | 22:16 | Zergling x2 | |
157 | 22:17 | Zergling x2 | |
157 | 22:18 | Roach | |
157 | 22:19 | Roach | |
157 | 22:20 | Roach | |
157 | 22:21 | Roach | |
157 | 22:22 | Roach | |
150 | 22:23 | Roach | |
150 | 22:24 | Roach | |
150 | 22:26 | Roach | |
150 | 22:27 | Overlord | |
145 | 22:30 | Drone x2 | |
145 | 22:31 | Drone x3 | |
145 | 22:33 | Overlord, Overseer | |
139 | 22:39 | Drone | |
139 | 22:41 | Zergling x2 | |
136 | 22:45 | Drone, Zergling x2 | |
136 | 22:46 | Drone, Roach x2 | |
136 | 22:47 | Hydralisk, Roach | |
136 | 22:48 | Hydralisk x2, Drone | |
139 | 22:53 | Overlord, Ultralisk | |
137 | 22:59 | Drone x2 | |
137 | 23:00 | Drone x2, Ultralisk | |
137 | 23:01 | Drone x10 | |
137 | 23:02 | Drone | |
137 | 23:03 | Roach | |
137 | 23:04 | Hydralisk, Overseer | |
114 | 23:05 | Drone | |
114 | 23:06 | Drone | |
114 | 23:08 | Drone | |
114 | 23:10 | Drone | |
114 | 23:11 | Drone | |
114 | 23:12 | Drone, Baneling | |
118 | 23:13 | Zergling x2, Baneling | |
118 | 23:15 | Drone | |
118 | 23:16 | Drone | |
118 | 23:17 | Drone | |
118 | 23:18 | Roach | |
123 | 23:20 | Roach | |
123 | 23:21 | Drone x2 | |
119 | 23:27 | Drone | |
119 | 23:29 | Drone | |
119 | 23:31 | Drone | |
119 | 23:32 | Drone x2 | |
119 | 23:33 | Drone | |
119 | 23:34 | Drone, Overseer | |
120 | 23:36 | Drone | |
120 | 23:37 | Zergling x2, Drone | |
120 | 23:38 | Drone | |
120 | 23:40 | Overlord | |
121 | 23:41 | Drone | |
121 | 23:43 | Drone x2, Roach | |
121 | 23:45 | Drone | |
121 | 23:47 | Drone | |
121 | 23:48 | Drone | |
121 | 23:49 | Zergling x2, Ultralisk | |
121 | 23:50 | Drone | |
109 | 23:55 | Hydralisk | |
109 | 23:58 | Drone, Overseer | |
109 | 23:59 | Roach, Ultralisk | |
109 | 24:01 | Roach | |
109 | 24:02 | Hydralisk | |
98 | 24:04 | Roach | |
98 | 24:05 | Hydralisk | |
98 | 24:06 | Hydralisk | |
98 | 24:07 | Drone | |
98 | 24:09 | Drone | |
102 | 24:10 | Drone | |
102 | 24:11 | Drone x2 | |
102 | 24:12 | Drone | |
102 | 24:13 | Drone | |
102 | 24:14 | Drone | |
102 | 24:15 | Drone | |
102 | 24:16 | Drone x2 | |
111 | 24:17 | Drone | |
111 | 24:18 | Drone | |
111 | 24:19 | Hydralisk, Overlord | |
111 | 24:21 | Drone | |
111 | 24:22 | Overseer | |
112 | 24:25 | Drone | |
112 | 24:27 | Ultralisk | |
112 | 24:28 | Drone, Baneling | |
112 | 24:29 | Zergling x2, Baneling | |
112 | 24:30 | Drone, Baneling, Zergling x2 | |
121 | 24:37 | Hydralisk | |
121 | 24:38 | Overlord, Roach | |
121 | 24:39 | Drone, Roach x2 | |
121 | 24:40 | Roach | |
121 | 24:41 | Roach, Ultralisk | |
121 | 24:42 | Drone | |
121 | 24:43 | Hydralisk | |
120 | 24:48 | Overlord, Overseer | |
120 | 24:49 | Drone x3 | |
120 | 24:50 | Drone | |
113 | 25:07 | Overlord, Zergling x2, Hydralisk x2 | |
113 | 25:08 | Drone | |
113 | 25:10 | Drone | |
113 | 25:11 | Zergling x2 | |
116 | 25:15 | Hydralisk | |
116 | 25:16 | Drone x2 | |
116 | 25:17 | Drone, Roach, Ultralisk | |
116 | 25:20 | Hydralisk, Drone, Roach x2, Overlord | |
116 | 25:21 | Overlord | |
117 | 25:22 | Overseer | |
113 | 25:29 | Queen | |
113 | 25:31 | Drone x3, Roach | |
113 | 25:33 | Zergling x4, Roach | |
113 | 25:35 | Hydralisk | |
110 | 25:36 | Drone | |
110 | 25:37 | Hydralisk, Spine Crawler | |
110 | 25:38 | Drone | |
110 | 25:39 | Overlord, Drone x2, Roach, Ultralisk | |
110 | 25:40 | Hydralisk, Drone, Roach x2 | |
110 | 25:41 | Hydralisk x2, Drone, Roach | |
110 | 25:42 | Drone x2 | |
125 | 25:44 | Hydralisk | |
125 | 25:46 | Roach | |
125 | 25:50 | Overlord x2, Drone | |
125 | 25:51 | Drone, Roach | |
125 | 25:52 | Drone | |
125 | 25:55 | Hydralisk, Roach | |
125 | 25:57 | Drone x2 | |
120 | 26:01 | Zergling x2, Drone | |
120 | 26:02 | Drone x2 | |
120 | 26:03 | Drone | |
111 | 26:04 | Drone x2 | |
111 | 26:05 | Drone x3 | |
111 | 26:06 | Drone | |
111 | 26:08 | Hydralisk, Drone, Overlord | |
111 | 26:09 | Drone x2, Hatchery | |
111 | 26:10 | Drone x3, Roach | |
111 | 26:11 | Hydralisk, Drone x3, Roach | |
110 | 26:12 | Drone x2, Overseer, Roach x2 | |
110 | 26:14 | Drone | |
110 | 26:17 | Drone | |
110 | 26:22 | Drone | |
103 | 26:26 | Overlord | |
103 | 26:27 | Drone x5 | |
103 | 26:28 | Drone | |
103 | 26:29 | Drone x2 | |
103 | 26:31 | Drone x3 | |
103 | 26:32 | Drone | |
104 | 26:36 | Drone | |
104 | 26:39 | Drone | |
95 | 26:42 | Drone | |
95 | 26:43 | Drone x2 | |
95 | 26:44 | Drone | |
94 | 26:48 | Overlord, Drone x2 | |
94 | 26:50 | Drone | |
89 | 26:54 | Drone | |
89 | 26:55 | Drone | |
89 | 26:56 | Drone | |
89 | 26:57 | Drone x2 | |
89 | 27:00 | Drone | |
89 | 27:01 | Drone | |
95 | 27:04 | Drone x2 | |
95 | 27:06 | Overlord, Corruptor | |
89 | 27:13 | Drone | |
89 | 27:16 | Corruptor | |
89 | 27:17 | Roach | |
89 | 27:21 | Corruptor | |
95 | 27:27 | Drone x3 | |
95 | 27:28 | Drone, Roach, Corruptor | |
95 | 27:29 | Drone | |
93 | 27:35 | Drone | |
93 | 27:36 | Drone x2 | |
93 | 27:37 | Drone x2 | |
81 | 27:38 | Drone x2 | |
81 | 27:40 | Drone | |
81 | 27:42 | Drone x2 | |
81 | 27:43 | Drone | |
81 | 27:44 | Drone | |
72 | 27:45 | Drone x4 | |
72 | 27:46 | Drone x2 | |
72 | 27:48 | Drone | |
72 | 27:49 | Drone x2 | |